 Dungeon Crawl Stone Soup version 0.27.0-66-gdc8fb28755 (webtiles) character file.

Game seed: 925645545243134310

2776 robertstho the Cleaver (level 9, -3/82 HPs)
             Began as a Red Draconian Berserker on Aug 19, 2021.
             Was an Elder of Trog.
             Slain by a 13-headed hydra (9 damage)
             ... on level 6 of the Dungeon.
             The game lasted 00:07:52 (5524 turns).

robertstho the Cleaver (Red Draconian Berserker)    Turns: 5524, Time: 00:07:53

Health: -3/82      AC: 12    Str: 23    XL:     9   Next: 42%
Magic:  9/9        EV: 13    Int:  8    God:    Trog [****..]
Gold:   276        SH:  0    Dex: 10    Spells: 8/8 levels left

rFire    + + +     SeeInvis +   a - +0 hand axe
rCold    x . .     Faith    .   (no shield)
rNeg     . . .     Spirit   .   (armour unavailable)
rPois    .         Reflect  .   (helmet restricted)
rElec    +         Harm     .   i - +2 cloak
rCorr    .         Rampage  .   B - +1 pair of gloves
Will     +....                  (no boots)
Stlth    ++........             c - amulet of regeneration
HPRegen  1.23/turn              v - ring of Ihaoth {rElec rF+++ rC- Slay+4 SInv}
MPRegen  0.11/turn              e - ring of willpower

@: about to teleport, on berserk cooldown, slowed, very slow
A: breathe fire, AC +7, unfitting armour, fire resistance 1, cold-blooded
a: Breathe Fire, Renounce Religion, Berserk, Trog's Hand, Brothers in Arms


You were on level 6 of the Dungeon.
You worshipped Trog.
Trog was greatly pleased with you.
You visited 1 branch of the dungeon, and saw 6 of its levels.
You also visited: Sewer.

You collected 276 gold pieces.

Inventory:

Hand Weapons
 a - a +0 hand axe (weapon)
Armour
 i - a +2 cloak (worn)
 B - a +1 pair of gloves (worn)
Jewellery
 c - an amulet of regeneration (around neck)
 e - a ring of willpower (right hand)
 h - a ring of positive energy
 v - the ring of Ihaoth (left hand) {rElec rF+++ rC- Slay+4 SInv}
   (You found it on level 4 of the Dungeon)

   [ring of slaying]

   Slay:      It affects your accuracy & damage with ranged weapons and melee
   (+4).
   rF:        It renders you almost immune to fire.
   rC:        It makes you vulnerable to cold.
   rElec:     It insulates you from electricity.
   SInv:      It lets you see invisible.
Wands
 k - a wand of digging (5)
 s - a wand of paralysis (8)
 u - a wand of flame (47)
 y - a wand of polymorph (8)
Scrolls
 b - a scroll of immolation
 g - 4 scrolls of teleportation
 l - 2 scrolls of enchant weapon {unknown}
 m - a scroll of enchant armour
 p - 4 scrolls of amnesia {unknown}
 w - a scroll of silence
 x - a scroll of brand weapon {unknown}
 A - a scroll of fear {unknown}
Potions
 d - 2 potions of flight
 f - 2 potions of heal wounds {unknown}
 j - a potion of attraction {unknown}
 n - a potion of haste {unknown}
 o - a potion of magic
 q - a potion of curing
 t - a potion of ambrosia {unknown}
 z - a potion of invisibility {unknown}
 C - a potion of resistance {unknown}


   Skills:
 * Level 8.5 Fighting
 + Level 9.1 Axes
 + Level 5.8 Dodging
 + Level 3.5 Stealth


You had 8 spell levels left.
You didn't know any spells.
Your spell library was empty.

Dungeon Overview and Level Annotations

Branches:
Dungeon (6/15)             Temple (0/1) D:4           Sewer (visited)

Altars:
Cheibriados
Qazlal
Zin


Innate Abilities, Weirdness & Mutations

You can breathe blasts of fire.
Your fiery red scales are hard. (AC +7)
You cannot fit into any form of body armour.
Your flesh is heat resistant. (rF+)
You are cold-blooded and may be slowed by cold attacks.


Message History

The 13-headed hydra bites you.
* * * LOW HITPOINT WARNING * * *
The 13-headed hydra closely misses you. x2
The 13-headed hydra bites you but does no damage.
The 13-headed hydra bites you.
* * * LOW HITPOINT WARNING * * *
The 13-headed hydra bites you.
* * * LOW HITPOINT WARNING * * *
The 13-headed hydra misses you. The 13-headed hydra barely misses you.
You feel a strong urge to attack something.
You are no longer berserk.
You are exhausted.
You feel yourself slow down.
Blink to where?
Press: ? - help, Dir - move target
As you read the scroll of blinking, it crumbles to dust.
You fail to use your ability.
Your black bear goes berserk!
You swap places.
Your black bear bites the 13-headed hydra.
Your black bear claws the 13-headed hydra. x2
The 13-headed hydra bites your black bear.
The 13-headed hydra bites your black bear!
The 13-headed hydra bites your black bear.
The 13-headed hydra bites your black bear!
The 13-headed hydra barely misses your black bear.
The 13-headed hydra bites your black bear!
Your black bear dies!
Your black bear's corpse disappears in a puff of smoke!
Okay, then.
As you read the scroll of teleportation, it crumbles to dust.
You feel strangely unstable. The 13-headed hydra bites you!
* * * LOW HITPOINT WARNING * * *
The 13-headed hydra bites you.
* * * LOW HITPOINT WARNING * * *
The 13-headed hydra bites you but does no damage.
The 13-headed hydra misses you. The 13-headed hydra bites you.
* * * LOW HITPOINT WARNING * * *
The 13-headed hydra bites you!
You die...

#...#..#..###...
#######..#...........
##..).#####.##..##....
#)####.#??#.##.......# ### #.#
#.#)$###........# ## ##.###.#
#)###.D#...###...
.######...##.####.### ###..##...
^...(##....##..#.##.. ##..###.#.
.........#.##..#@##..###.#.....##
^....#....####'#D# #..#.........
^^........'.†..#.####..#####.....
...^.^.##.#.88.##....#### #......
....^....##.88.#######..####...#.
^...^...#.#....##...##..#.....##.
.....)....########..#.........###
...^.......##...#..............##
...^........#...#..###........[..


You could see a 13-headed hydra.

Vanquished Creatures
  A wraith (D:5)
  Sigmund (D:3)
  Eustachio (D:6)
  A wyvern (D:6)
  Duvessa (D:5)
  3 water moccasins
  Purgy (Sewer)
  2 sky beasts
  3 ogres
  2 centaurs
  A phantom (D:5)
  A kobold brigand (D:6)
  4 scorpions
  Dowan (D:5)
  2 water moccasin skeletons (D:5)
  A centaur zombie (D:6)
  A jelly (D:6)
  2 hounds (D:5)
  Crazy Yiuf (D:2)
  2 bullfrog skeletons (D:6)
  An iguana (D:6)
  Ijyb (D:5)
  A howler monkey zombie (D:6)
  11 adders
  3 gnolls (D:4)
  A howler monkey skeleton (D:6)
  2 river rats (D:3)
  An ufetubus (D:4)
  3 worms
  6 dart slugs
  2 orcs (D:6)
  2 endoplasms (D:3)
  3 giant cockroaches
  11 goblins
  11 hobgoblins
  9 jackals
  13 kobolds
  6 quokkas
  11 ball pythons
  4 bats
  3 frilled lizards
  11 rats
148 creatures vanquished.

Notes
Turn   | Place    | Note
-------+----------+-------------------------------------------
     0 | D:1      | robertstho the Draconian Berserker began the quest for the
                  | Orb.
     0 | D:1      | Reached XP level 1. HP: 19/19 MP: 1/1
   208 | D:1      | Reached XP level 2. HP: 26/26 MP: 2/2
   584 | D:1      | Reached ** piety under Trog
  1154 | D:2      | Reached XP level 3. HP: 31/33 MP: 3/3
  1917 | D:2      | Found a runed translucent door.
  1918 | D:2      | Noticed Crazy Yiuf
  2186 | D:2      | Reached XP level 4. HP: 40/40 MP: 4/4
  2250 | D:2      | Killed Crazy Yiuf
  2251 | D:2      | Reached skill level 4 in Axes
  2344 | D:3      | Noticed Sigmund
  2354 | D:3      | Killed Sigmund
  2355 | D:3      | Reached skill level 1 in Stealth
  2355 | D:3      | Reached XP level 5. HP: 47/47 MP: 5/5
  2371 | D:3      | Reached skill level 5 in Axes
  2385 | D:3      | Identified a scroll of acquirement
  2385 | D:3      | Acquired an amulet of regeneration
  2437 | D:3      | Reached XP level 6. HP: 33/53 MP: 6/6
  2490 | D:3      | Found a faded altar of an unknown god.
  2706 | D:3      | Found a stormy altar of Qazlal.
  2751 | D:3      | Found a glowing drain.
  2753 | D:3      | Reached *** piety under Trog
  2757 | Sewer    | Entered a sewer
  2816 | Sewer    | Noticed Purgy
  2824 | Sewer    | Killed Purgy
  2825 | Sewer    | Reached skill level 5 in Fighting
  3112 | D:4      | Your scales start taking on a fiery red colour.
  3112 | D:4      | Reached XP level 7. HP: 20/61 MP: 7/7
  3112 | D:4      | Gained mutation: Your flesh is heat resistant. (rF+) [Red
                  | Draconian growth]
  3456 | D:4      | Found a staircase to the Ecumenical Temple.
  3523 | D:4      | Found a snail-covered altar of Cheibriados.
  3523 | D:4      | Found a glowing silver altar of Zin.
  3616 | D:4      | Reached skill level 6 in Axes
  3874 | D:4      | Identified the ring of Ihaoth {rElec rF+++ rC- Slay+4 SInv}
  4028 | D:5      | Entered Level 5 of the Dungeon
  4028 | D:5      | Noticed a wraith
  4029 | D:5      | Noticed Dowan
  4029 | D:5      | Noticed Duvessa
  4041 | D:5      | Killed Duvessa
  4041 | D:5      | Killed a wraith
  4042 | D:5      | Reached XP level 8. HP: 55/71 MP: 8/8
  4044 | D:5      | Killed Dowan
  4045 | D:5      | Reached skill level 7 in Axes
  4186 | D:5      | Reached skill level 5 in Dodging
  4200 | D:5      | Noticed Ijyb
  4208 | D:5      | Killed Ijyb
  4213 | D:5      | Reached **** piety under Trog
  4331 | D:5      | Reached skill level 8 in Axes
  4834 | D:6      | Noticed Eustachio
  4848 | D:6      | Killed Eustachio
  4915 | D:6      | Reached XP level 9. HP: 78/81 MP: 9/9
  5338 | D:6      | Reached skill level 9 in Axes
  5478 | D:6      | Noticed a five-headed hydra
  5524 | D:6      | Slain by a 13-headed hydra

Illustrated notes

Levels and vault maps discovered:
D:1:      lemuel_arrival_hallway, layout_basic
D:2:      layout_loops_corners, uniq_crazy_yiuf_cottage
D:3:      layout_rooms, mainiacjoe_overflow_boulevard, portal_sewer_entry_e,
          hellmonk_ecumenical_altar_run_dry, nrook_loot_triangle,
          grunt_ministairs_14, hangedman_decor_clover_reticule,
          minmay_box_of_dots, uniq_sigmund
D:4:      minmay_octagon_keep, layout_basic, gammafunk_temple_overflow_elements,
          minmay_temple_entry_stoned_glass, minmay_door_square, st_stairs_12,
          grunt_ministairs_6, serial_park_tiny_pond
D:5:      layout_basic, serial_park_tiny_1, uniq_duvessa, uniq_ijyb
D:6:      minmay_chambers_of_fours, layout_cave_pools,
          biasface_ghost_orc_armoury, minmay_hedge_maze, minmay_holes,
          uniq_eustachio

Skill      XL: |  1  2  3  4  5  6  7  8  9 |
---------------+----------------------------+-----
Dodging        | 3 4 5 |  5.8
Fighting       | 4 5 6 7 8 |  8.5
Axes           | 4 5 6 8 9 |  9.1
Stealth        | 1 2 3 |  3.5

Action                   |  1- 3 |  4- 6 |  7- 9 || total
-------------------------+-------+-------+-------++-------
Melee: Hand axe          |   126 |    93 |   242 ||   461
       Tailslap          |     8 |    19 |    38 ||    65
Invok: Berserk           |       |     5 |     4 ||     9
       Trog's Hand       |       |     1 |     1 ||     2
       Brothers in Arms  |       |       |     1 ||     1
 Abil: Breathe Fire      |       |       |     4 ||     4
  Use: Scroll            |       |     9 |     7 ||    16
 Stab: Sleeping          |     2 |     2 |     5 ||     9
Armor: Skin              |    52 |    32 |   119 ||   203
Dodge: Dodged            |    81 |    61 |   208 ||   350
